 Dungeon Crawl Stone Soup version 0.31-a0-1074-g0b22e4e0f1 (webtiles) character file.

Game seed: 7250337821487538531

2472 IdlyInterested the Mimic (level 9, 0/100 HPs)
             Began as a Demonspawn Shapeshifter on Dec 1, 2023.
             Slain by a yak (9 damage)
             ... on level 6 of the Dungeon.
             The game lasted 00:19:50 (4880 turns).

IdlyInterested the Mimic (Demonspawn Shapeshifter)  Turns: 4880, Time: 00:19:51

Health: 0/100      AC: 24    Str: 19    XL:     9   Next: 26%
Magic:  9/9        EV:  2    Int: 15    God:
Gold:   254        SH:  0    Dex: 13    Spells: 8/8 levels left

rFire   . .          .
                       - Unarmed
rCold   . . .        (no shield)
rNeg    . . .        D - melded +0 chain mail
rPois   +            (helmet currently unavailable)
rElec   .            H - melded +0 cloak
rCorr   .            v - melded +0 pair of gloves
SInv    .            (boots currently unavailable)
Will    +....        (no amulet)
Stlth   ++           A - ring of willpower
HPRegen 0.36/turn    G - ring of poison resistance
MPRegen 0.11/turn

%: no passive effects
@: tree-form
A: stationary, stasis, torment immunity, boosted hp, (horns 2), rugged brown
scales 1, foul stench 1, powered by death 1, clever 1, strong 1
a: no special abilities


You were on level 6 of the Dungeon.
You were a tree.
You visited 2 branches of the dungeon, and saw 7 of its levels.

You collected 254 gold pieces.

Inventory:

Hand Weapons
 i - a +4 trident of draining
 n - the +10 mace of Gifan {speed, rElec Dex+4}
   (You found it on level 2 of the Dungeon)

   Dex+4:     It affects your dexterity (+4).
   rElec:     It insulates you from electricity.
 E - the +12 hand axe "Ysasawiegu" {freeze, rElec}
   (You found it on level 5 of the Dungeon)

   rElec:     It insulates you from electricity.
Missiles
 g - 29 stones (quivered)
 t - 2 boomerangs
 y - a curare-tipped dart
Armour
 v - a +0 pair of gloves (melded)
 z - an orb of energy
 D - a +0 chain mail (melded)
 H - a +0 cloak (melded)
Magical Staves
 u - a staff of death
Jewellery
 A - a ring of willpower (left branch)
 G - a ring of poison resistance (right branch)
 I - a ring of see invisible
Talismans
 c - a beast talisman (active)
 d - a flux talisman
Wands
 a - a wand of flame (15)
 e - a wand of mindburst (8)
 f - a wand of paralysis (13)
Scrolls
 h - 2 scrolls of fog
 k - a scroll of enchant weapon
 r - a scroll of silence
 x - a scroll of revelation
 B - 3 scrolls of vulnerability
Potions
 j - a potion of invisibility {unknown}
 l - a potion of attraction {unknown}
 m - 3 potions of mutation
 o - a potion of brilliance
 p - 3 potions of curing
 q - a potion of haste {unknown}
 w - a potion of ambrosia {unknown}
 C - a potion of magic {unknown}
 F - a potion of might


   Skills:
 + Level 4.4 Fighting
 - Level 1.0 Throwing
 - Level 2.0 Armour
 - Level 3.0 Dodging
 - Level 1.0 Stealth
 - Level 4.0 Unarmed Combat
 - Level 1.0 Evocations
 * Level 9.2 Shapeshifting


You had 8 spell levels left.
You didn't know any spells.
Your spell library contained the following spells:

 Spells                   Type           Power      Damage    Failure   Level
 Freeze                   Ice            0%         1d3       26%         1
 Blink                    Tloc           0%         N/A       38%         2
 Lesser Beckoning         Tloc           0%         N/A       38%         2
 Momentum Strike          Conj/Tloc      0%         3d8       38%         2
 Frozen Ramparts          Ice            0%         1d1       63%         3
 Hailstorm                Conj/Ice       0%         3d3       63%         3
 Leda's Liquefaction      Hex/Erth       0%         N/A       95%         4
 Summon Ice Beast         Ice/Summ       0%         N/A       95%         4
 Lee's Rapid Deconstruct  Erth           0%         3d4*      100%        5
 Bombard                  Conj/Erth      0%         9d1       100%        6
 Simulacrum               Ice/Necr       0%         N/A       100%        6


Dungeon Overview and Level Annotations

Branches:
Dungeon (6/15)             Temple (1/1) D:4

Altars:
Ashenzari
Cheibriados
Dithmenos
Fedhas
Gozag
Hepliaklqana
Kikubaaqudgha
Makhleb
Nemelex Xobeh
Okawaru
Ru
Sif Muna
Trog
Uskayaw
Vehumet
Wu Jian
Xom
Yredelemnul

Shops:
D:5 :   D:6 =?


Innate Abilities, Weirdness & Mutations

You are a tree.
Your roots penetrate the ground, keeping you stationary.
You cannot be teleported.
You are immune to unholy pain and torment.
Your maximum health is greatly increased.
Your equipment is partially melded.
((You have a pair of horns on your head.))
(You are partially covered in rugged brown scales. (AC +1, +3% HP))
You may rarely emit foul miasma when damaged in melee.
You regenerate a little health from kills.
Your mind is acute. (Int +4, Str/Dex -1)
Your muscles are strong. (Str +4, Int/Dex -1)


Message History

* * * LOW HITPOINT WARNING * * *
You smack the yak!
You kill the yak!
The yak completely misses you.
The gnoll hits you from afar with a +0 spear.
* * * LOW HITPOINT WARNING * * *
The yak barely misses you.
You feel much better. The gnoll hits you but does no damage.
The yak gores you but does no damage. The gnoll barely misses you.
The yak gores you but does no damage.
The gnoll sergeant hits you but does no damage.
You barely miss the gnoll. The yak gores you! The yak gores you.
The gnoll barely misses you.
The gnoll sergeant hits you but does no damage.
You smack the gnoll!
The gnoll is almost dead.
The gnoll hits you with a +0 flail.
* * * LOW HITPOINT WARNING * * *
The yak barely misses you. The gnoll hits you but does no damage.
The yak gores you but does no damage.
The gnoll sergeant hits you from afar with a +0 spear.
* * * LOW HITPOINT WARNING * * *
You barely miss the gnoll.
The gnoll is almost dead.
The yak gores you.
* * * LOW HITPOINT WARNING * * *
The yak gores you but does no damage. The gnoll hits you but does no damage.
The gnoll sergeant hits you but does no damage.
Unknown command.
You closely miss the gnoll.
The gnoll is almost dead.
The gnoll hits you with a +0 flail.
* * * LOW HITPOINT WARNING * * *
The yak gores you!
* * * LOW HITPOINT WARNING * * *
The yak gores you but does no damage. The gnoll hits you but does no damage.
You hit the gnoll but do no damage.
The gnoll is almost dead.
The gnoll sergeant barely misses you. The yak gores you!
You die...

.. ##.#
###...#####
#.........##
#........gg##
.........gYY##
.........{YY♣# #
#........gg## ..
#....)...gf##...
#....#..#).....
.............###
..
.#.............#.
#.
###.............
#.#
########..........
#..
#...####......#...
..###


You could see 4 yaks, a sleepcap, a gnoll sergeant and 5 gnolls.

Vanquished Creatures
  Grinder (D:6)
  Sigmund (D:6)
  A yak (D:6)
  A water moccasin (D:5)
  2 ice beasts (D:6)
  A black bear (D:6)
  An orc warrior (D:6)
  An ogre (D:6)
  3 phantoms (D:6)
  A scorpion (D:6)
  A crimson imp (D:3)
  A jelly (D:5)
  7 orc priests
  Crazy Yiuf (D:5)
  A hound (D:4)
  A sleepcap (D:6)
  Ijyb (D:3)
  3 iguanas
  5 orc wizards
  17 adders
  A shadow imp (D:5)
  6 worms
  A dart slug (D:1)
  12 orcs
  6 ball pythons
  7 bats
  4 endoplasms
  4 giant cockroaches
  3 goblins
  4 hobgoblins
  9 jackals
  5 quokkas
  3 frilled lizards
  A goblin skeleton (D:3)
  A goblin zombie (D:3)
  4 hobgoblin zombies (D:3)
  5 kobolds
  An orc skeleton (D:3)
  7 rats
135 creatures vanquished.

Vanquished Creatures (collateral kills)
  Jeremiah (D:6)
1 creature vanquished.

Grand Total: 136 creatures vanquished

Notes
Turn   | Place    | Note
-------+----------+-------------------------------------------
     0 | D:1      | IdlyInterested the Demonspawn Shapeshifter began the quest
                  | for the Orb.
     0 | D:1      | Reached XP level 1. HP: 15/15 MP: 1/1
   167 | D:1      | Reached skill level 3 in Shapeshifting
   192 | D:1      | Gained mutation: You regenerate a little health from kills.
                  | [demonic ancestry]
   192 | D:1      | Reached XP level 2. HP: 21/21 MP: 2/2
   779 | D:1      | Gained mutation: You have a pair of small horns on your
                  | head. [demonic ancestry]
   779 | D:1      | Reached XP level 3. HP: 24/26 MP: 3/3
   873 | D:2      | Identified the +10 mace of Gifan {speed, rElec Dex+4}
  1003 | D:2      | Gained mutation: You may rarely emit foul miasma when
                  | damaged in melee. [demonic ancestry]
  1003 | D:2      | Reached XP level 4. HP: 31/32 MP: 4/4
  1567 | D:3      | Noticed Ijyb
  1568 | D:3      | Paralysed by Ijyb for 5 turns
  1577 | D:3      | Killed Ijyb
  1578 | D:3      | Reached skill level 4 in Shapeshifting
  1724 | D:3      | Gained mutation: You have a pair of horns on your head.
                  | [demonic ancestry]
  1724 | D:3      | Reached XP level 5. HP: 37/37 MP: 5/5
  2357 | D:4      | Gained mutation: Your mind is acute. (Int +4, Str/Dex -1)
                  | [potion of mutation]
  2357 | D:4      | Gained mutation: Your muscles are strong. (Str +4, Int/Dex
                  | -1) [potion of mutation]
  2407 | D:4      | Reached skill level 5 in Shapeshifting
  2407 | D:4      | Reached XP level 6. HP: 35/43 MP: 6/6
  2493 | D:4      | Found a staircase to the Ecumenical Temple.
  2510 | Temple   | Found a transporter.
  2510 | Temple   | Found a transporter.
  2510 | Temple   | Found a transporter.
  2510 | Temple   | Found a transporter.
  2510 | Temple   | Entered the Ecumenical Temple
  2599 | D:4      | Found a shimmering altar of Xom.
  3292 | D:5      | Entered Level 5 of the Dungeon
  3310 | D:5      | Found Ryczysai's Self-Improvement Boutique.
  3314 | D:5      | Noticed a water moccasin
  3319 | D:5      | Killed a water moccasin
  3364 | D:5      | Reached XP level 7. HP: 44/51 MP: 7/7
  3502 | D:5      | Reached skill level 6 in Shapeshifting
  3598 | D:5      | Identified the +12 hand axe "Ysasawiegu" {freeze, rElec}
  4212 | D:5      | Found a runed translucent door.
  4213 | D:5      | Noticed Crazy Yiuf
  4218 | D:5      | Killed Crazy Yiuf
  4327 | D:6      | Found Kuemee's Jewellery Shoppe.
  4410 | D:6      | Reached skill level 7 in Shapeshifting
  4410 | D:6      | Gained mutation: You are partially covered in rugged brown
                  | scales. (AC +1, +3% HP) [demonic ancestry]
  4410 | D:6      | Reached XP level 8. HP: 29/61 MP: 8/8
  4416 | D:6      | Noticed Sigmund
  4422 | D:6      | Killed Sigmund
  4556 | D:6      | Noticed Jeremiah
  4563 | D:6      | Noticed Grinder
  4573 | D:6      | Killed Jeremiah
  4574 | D:6      | Reached skill level 1 in Armour
  4574 | D:6      | Reached skill level 8 in Shapeshifting
  4595 | D:6      | Killed Grinder
  4596 | D:6      | Reached skill level 1 in Throwing
  4598 | D:6      | Found Motteek's Magic Scroll Boutique.
  4606 | D:6      | Reached skill level 1 in Stealth
  4606 | D:6      | Reached XP level 9. HP: 44/66 MP: 9/9
  4700 | D:6      | Reached skill level 1 in Evocations
  4855 | D:6      | Reached skill level 9 in Shapeshifting
  4880 | D:6      | Slain by a yak

Illustrated notes

Levels and vault maps discovered:
D:1:      dpeg_arrival_line_fractal, layout_basic
D:2:      layout_basic
D:3:      layout_loops_ring, nicolae_tso_besieged_by_evil,
          minmay_misc_feat_plants, kennysheep_pointless_box, uniq_ijyb
D:4:      layout_cave_pods, brannock_xom_greatest_gift,
          minmay_temple_entry_waves, chequers_serial_rivers_large_a
D:5:      kennysheep_six_static_rooms, layout_loops_ring,
          nicolae_shop_self_help, uniq_crazy_yiuf_cottage
D:6:      layout_cave_pools, serial_shops, shop_fountains, chequers_mini_garden,
          nicolae_stop_n_shop_2, serial_library_hellmonk_metal_room,
          uniq_sigmund, uniq_jeremiah, uniq_grinder
Temple:   hellmonk_temple_divided_pantheon

Skill      XL: |  1  2  3  4  5  6  7  8  9 |
---------------+----------------------------+-----
Shapeshifting  | 3 4 5 7 8 9 |  9.2
Unarmed Combat | 3 4 |  4.0
Fighting       | 2 4 |  4.4
Dodging        | 2 3 |  3.0
Armour         | 2 |  2.0
Throwing       | 1 |  1.0
Stealth        | 1 |  1.0
Evocations     | 1 |  1.0

Action                     |  1- 3 |  4- 6 |  7- 9 || total
---------------------------+-------+-------+-------++-------
  Melee: Falchion          |    60 |       |       ||    60
         Unarmed           |     5 |       |     8 ||    13
         Punch             |     1 |     3 |     3 ||     7
         Mace              |    11 |   111 |   100 ||   222
         Headbutt          |     3 |    15 |    22 ||    40
  Throw: Dart              |       |       |     2 ||     2
         Stone             |       |       |     4 ||     4
    Use: Scroll            |       |     5 |     2 ||     7
         Potion            |       |     4 |     4 ||     8
 Armour: Animal skin       |    34 |       |       ||    34
         Scale mail        |    17 |    53 |       ||    70
         Chain mail        |       |    13 |    90 ||   103
         Skin              |       |       |    33 ||    33
  Dodge: Dodged            |    46 |    45 |    43 ||   134
   Form: Beast             |       |     2 |     1 ||     3
                           |       |     1 |     1 ||     2

Table legend: (Time is in decaauts)
 A = Elapsed time spent in this place.
 B = Non-inter-level travel time spent in this place.
 C = Inter-level travel time spent in this place.
 D = Time resting spent in this place.
 E = Time spent auto-exploring this place.
 F = Levels seen in this place.
 G = Mean time per level.
                   A        B        C        D        E       F      G
               +--------+--------+--------+--------+--------+-----+--------+
         Total |   4887 |   4632 |    255 |    332 |   3163 |   7 |  698.1 |
       Dungeon |   4857 |   4611 |    246 |    332 |   3163 |   6 |  809.5 |
        Temple |     29 |     20 |      9 |      0 |      0 |   1 |   29.0 |
               +--------+--------+--------+--------+--------+-----+--------+

Top non-repeatable levels by time:
     D:5: 1029 daAuts
     D:4: 920 daAuts
     D:3: 893 daAuts
     D:1: 836 daAuts
     D:2: 630 daAuts
     D:6: 548 daAuts
  Temple: 29 daAuts
